 Dungeon Crawl Stone Soup version 0.30.0-19-g36f170ea60 (webtiles) character file.

Game seed: 14542971869190121804

89 Jannitor the Sneak (level 4, 0/37 HPs)
             Began as a Djinni Delver on May 29, 2023.
             Was an Initiate of Elyvilon.
             Slain by a water moccasin (4 damage)
             ... on level 4 of the Dungeon.
             The game lasted 00:03:14 (672 turns).

Jannitor the Sneak (Djinni Delver)                   Turns: 672, Time: 00:03:15

Health: 0/37       AC:  5    Str: 13    XL:     4   Next: 84%
Gold:   0          EV: 11    Int: 12    God:    Elyvilon [......] SH:  0 Dex: 14

rFire   + + .        a - +0 falchion
rCold   x . .        (no shield)
rNeg    . . .        h - +0 ring mail
rPois   ∞            (no helmet)
rElec   .            (no cloak)
rCorr   .            (no gloves)
SInv    .            (boots unavailable)
Will    .....        (no amulet)
Stlth   ++           (no ring)
HPRegen 0.26/turn    (no ring)
MPRegen 0.00/turn

%: infuse magic (-1 HP)
@: flying
A: sickness immunity, fire resistance 2, cold vulnerability 1, float, innate
caster, HP casting, extra vitality 1
a: Renounce Religion


You were on level 4 of the Dungeon.
You worshipped Elyvilon.
Elyvilon was noncommittal.
You visited 1 branch of the dungeon, and saw 2 of its levels.
You also visited: Sewer.

Inventory:

Hand Weapons
 a - a +0 falchion (weapon)
Missiles
 d - 3 poisoned darts (quivered)
Armour
 b - a +0 leather armour
 h - a +0 ring mail (worn)
Wands
 g - a wand of digging (2)
Scrolls
 c - a scroll of fog


   Skills:
 + Level 3.8 Fighting
 + Level 2.8 Long Blades
 + Level 3.3 Dodging
 - Level 4.1 Stealth


You knew the following spells:

 Your Spells              Type           Power      Damage    Failure   Level
a - Necrotise             Necr           0%         1d4       58%         1
Your spell library was empty.

Dungeon Overview and Level Annotations

Branches:
Dungeon (5/15)              Sewer (visited)
 Temple: D:4-7

Altars:


Innate Abilities, Weirdness & Mutations

You are immune to sickness and miasma.
You are immune to poison.
Your flesh is very heat resistant. (rF++)
You are vulnerable to cold. (rC-)
You float through the air rather than walking.
You learn spells naturally, not from books.
Your magical power is your life essence.
You have superior vitality. (+4 MHP)


Message History

* * * LOW HITPOINT WARNING * * *
The water moccasin barely misses you.
Okay, then.
Unknown command.
You aren't carrying any potions.
Unknown command.
Unknown command.
Unknown command.
Okay, then.
Unknown command.
The water moccasin bites you but does no damage.
The water moccasin attacks as you move away!
The water moccasin misses you.
The water moccasin attacks as you move away!
The water moccasin barely misses you.
Found a stone staircase leading up.
The water moccasin bites you. Elyvilon protects you from harm!
The water moccasin attacks as you move away!
The water moccasin closely misses you.
Okay, then.
The water moccasin attacks as you move away!
The water moccasin completely misses you.
Found an escape hatch in the ceiling.
The water moccasin bites you. Elyvilon protects you from harm!
The water moccasin attacks as you move away!
The water moccasin completely misses you.
There is an escape hatch in the ceiling here.
The water moccasin completely misses you.
The water moccasin barely misses you. A mysterious force pulls you upwards.
The hatch slams shut behind you. The water moccasin bites you.
* * * LOW HITPOINT WARNING * * *
The water moccasin attacks as you move away!
The water moccasin barely misses you.
The water moccasin attacks as you move away!
The water moccasin bites you but does no damage.
The water moccasin barely misses you.
The water moccasin attacks as you move away!
The water moccasin bites you.
You die...

### #.. #.#
#.#
.#####.#####
............#
..#####.###S#
#.# #@# #.#
#.# #.. ...
#####.## #.#
#.# #.# #.#


You could see a water moccasin.

Vanquished Creatures
  A kobold brigand (Sewer)
  An adder (D:5)
  A worm (D:5)
  A giant cockroach (D:5)
  2 jackals (Sewer)
  A ball python (D:5)
  3 kobolds (Sewer)
  4 rats
14 creatures vanquished.

Notes
Turn   | Place    | Note
-------+----------+-------------------------------------------
     0 | D:5      | Jannitor the Djinni Delver began the quest for the Orb.
     0 | D:5      | Reached XP level 1. HP: 20/20 MP: 0/0
    29 | D:5      | Found a glowing drain.
    77 | D:5      | Reached XP level 2. HP: 20/25 MP: 0/0
    97 | Sewer    | Entered a sewer
   154 | Sewer    | Noticed a kobold brigand
   333 | Sewer    | Killed a kobold brigand
   334 | Sewer    | Reached XP level 3. HP: 19/31 MP: 0/0
   334 | Sewer    | Learned a level 1 spell: Necrotise
   334 | Sewer    | Reached XP level 4. HP: 23/37 MP: 0/0
   410 | Sewer    | Found a white marble altar of Elyvilon.
   417 | Sewer    | Became a worshipper of Elyvilon the Healer
   452 | D:5      | Noticed a water moccasin
   660 | D:5      | Elyvilon protects you from harm!
   663 | D:5      | Elyvilon protects you from harm!
   672 | D:4      | Slain by a water moccasin

Illustrated notes

Levels and vault maps discovered:
D:4:      layout_loops_corners, hangedman_decor_diamond_cutter
D:5:      layout_loops_corners, cheibrodos_sewer_entry_drain

Skill      XL: |  1  2 |
---------------+-------+-----
Long Blades    | 2 |  2.8
Dodging        | 3 |  3.3
Fighting       | |  3.8
Stealth        | |  4.1

Action                     |  1- 3 |  4- 6 || total
---------------------------+-------+-------++-------
  Melee: Falchion          |    54 |    29 ||    83
         Punch             |     1 |       ||     1
  Evoke: Wand              |       |     1 ||     1
    Use: Scroll            |     1 |     1 ||     2
         Potion            |       |     3 ||     3
   Stab: Sleeping          |     1 |       ||     1
 Armour: Ring mail         |    13 |    21 ||    34
  Dodge: Dodged            |    37 |    42 ||    79
